 Dungeon Sprint DCSS version 0.21-a0-229-g3587535 (webtiles) character file.

2528 minicreteconcrete the Thaumaturge (level 9, 0/49 HPs)
             Began as a Deep Elf Ice Elementalist on Sept 1, 2017.
             Was a High Priest of Sif Muna.
             Slain by a sea snake (6 damage)
             ... in the Dungeon (Sprint VII: "The Pits").
             The game lasted 00:11:20 (1492 turns).

minicreteconcrete the Thaumaturge (DEIE)            Turns: 1492, Time: 00:11:20

Health: 0/49       AC:  3    Str:  5    XL:     9   Next: 29%
Magic:  10/29      EV: 15    Int: 24    God:    Sif Muna [*****.]
Gold:   0          SH:  0    Dex: 15    Spells: 20/36 levels left

rFire    . . .     SeeInvis .   a - +1 trident (pierce)
rCold    . . .     Gourm    .   (no shield)
rNeg     . . .     Faith    .   j - +0 robe
rPois    .         Spirit   .   (no helmet)
rElec    .         Reflect  .   (no cloak)
rCorr    .         Harm     .   B - +0 pair of gloves
MR       .....     NoTele   +   (no boots)
Stlth    +++.......             (no amulet)
HPRegen  0.16/turn              (no ring)
MPRegen  0.21/turn              (no ring)

@: invisible
A: no striking features
a: Divine Energy, Channel Magic, Forget Spell, Renounce Religion


You were in the Dungeon.
You worshipped Sif Muna.
Sif Muna was extremely pleased with you.
You were not hungry.

You visited 1 branch

Inventory:

Hand Weapons
 a - a +1 trident of piercing (weapon)
 u - a +2 trident
 v - a +2 quarterstaff of speed
Missiles
 s - 9 stones (quivered)
Armour
 j - a +0 robe (worn)
 w - a +1 chain mail of positive energy
 B - a +0 pair of gloves (worn)
 C - a +5 ring mail
Magical Staves
 b - an uncursed staff of energy
Jewellery
 t - a +3 ring of evasion
 y - a +3 ring of protection
Scrolls
 l - 2 scrolls of remove curse
 m - 5 scrolls of amnesia
 q - 2 scrolls of vulnerability
Potions
 d - 7 potions of curing
 e - 10 potions of heal wounds
 g - 4 potions of magic
 h - 4 potions of berserk rage
 k - a potion of invisibility
 x - 2 potions of might
 z - 2 potions of haste
 A - a potion of brilliance
Books
 f - a book of Callings

   Spells                             Type                      Level
   a - Summon Small Mammal            Summoning                    1
   b - Call Imp                       Summoning                    2
   c - Call Canine Familiar           Summoning                    3
   d - Summon Guardian Golem          Hexes/Summoning              3
   e - Summon Lightning Spire         Summoning/Air                4
   f - Summon Ice Beast               Ice/Summoning                4
 r - a book of Frost

   Spells                             Type                      Level
   a - Freeze                         Ice                          1
   b - Throw Frost                    Conjuration/Ice              2
   c - Ozocubu's Armour               Charms/Ice                   3
   d - Throw Icicle                   Conjuration/Ice              4
   e - Summon Ice Beast               Ice/Summoning                4
 D - Sif Muna's Guide on Enchanting Changing
   (Sif Muna gifted it to you in the Dungeon)

   Spells                             Type                      Level
   a - Beastly Appendage              Transmutation                1
   b - Ensorcelled Hibernation        Hexes/Ice                    2
   c - Fulminant Prism                Conjuration/Hexes            4
   d - Irradiate                      Conjuration/Transmutation    5
   e - Hydra Form                     Transmutation                6
 E - a book of Death

   Spells                             Type                      Level
   a - Corpse Rot                     Necromancy                   2
   b - Sublimation of Blood           Necromancy                   2
   c - Agony                          Necromancy                   5
   d - Dispel Undead                  Necromancy                   5
   e - Excruciating Wounds            Charms/Necromancy            5
   f - Bolt of Draining               Conjuration/Necromancy       5
Comestibles
 c - 7 bread rations
 o - 40 fruits
 p - 7 meat rations


   Skills:
 + Level 2.4 Fighting
 + Level 4.3 Polearms
 + Level 5.1 Dodging
 - Level 4.6 Stealth
 + Level 14.1 Spellcasting
 + Level 5.8 Conjurations
 + Level 7.6 Summonings
 + Level 12.2 Ice Magic
 + Level 3.1 Air Magic
 * Level 8.5 Invocations
 - Level 1.2 Evocations


You had 20 spell levels left.
You knew the following spells:

 Your Spells              Type           Power        Failure   Level  Hunger
a - Freeze                Ice            ####         1%          1    None
b - Summon Ice Beast      Ice/Summ       ######..     1%          4    None
c - Throw Icicle          Conj/Ice       ######..     1%          4    None
d - Summon Lightning Spi  Summ/Air       #####...     3%          4    None
e - Call Canine Familiar  Summ           ######..     1%          3    None


Dungeon Overview and Level Annotations

Branches:
Dungeon (1/1)

Altars:
Ashenzari
Cheibriados
Dithmenos
Elyvilon
Fedhas
Gozag
Hepliaklqana
Kikubaaqudgha
Makhleb
Nemelex Xobeh
Okawaru
Qazlal
Ru
Sif Muna
Trog
Uskayaw
Vehumet
Wu Jian
Xom
Yredelemnul
Zin
The Shining One
Beogh
Jiyva
Lugonu


Message History

Wisps of shadow whirl around you...
The blink frog hits your lightning spire!
Your ice beast hits the two-headed ogre.
Your ice beast freezes the two-headed ogre!
The blink frog hits you!
* * * LOW HITPOINT WARNING * * *
The blink frog blinks!
The sea snake completely misses you.
The blink frog hits your ice beast but does no damage.
The two-headed ogre barely misses your ice beast. x2
The blink frog blinks!
Your ice beast hits the two-headed ogre.
Your ice beast freezes the two-headed ogre!
You fade into invisibility!
The blink frog hits you.
* * * LOW HITPOINT WARNING * * *
Your ice beast hits the blink frog.
Your ice beast freezes the blink frog!
The blink frog seems to slow down.
The blink frog hits your lightning spire.
The sea snake bites you.
You die...

..........#
#..#......#
..........+
..........+
#..#......#
..........#
###''###### .##''#
##### ########
.##..###...###xF@x..#
.##...##...##..##SY.#
.###...##†##..###OY.+
.# ##..........##F8F#
.###..###+###...##F##
.##..##.....##..# ..#
###..')......+..+ ..+
###..##.....##).# ..#
.###..###'###...# +##


You could see a sea snake, a two-headed ogre, 4 blink frogs, 2 friendly ice
beasts, 2 friendly small abominations and a friendly lightning spire.

Vanquished Creatures
  A swamp dragon (D)
  A deep elf mage (D)
  An ice devil (D)
  A wraith (D)
  A floating eye (D)
  A phantom (D)
  3 killer bees (D)
  2 wights (D)
  An orc priest (D)
  A hell rat (D)
  A gnoll (D)
  A river rat (D)
  An ooze (D)
  An adder skeleton (D)
  2 orcs (D)
  A ball python (D)
  A goblin (D)
  A giant cockroach zombie (D)
22 creatures vanquished.

Vanquished Creatures (collateral kills)
  A black mamba (D)
  A smoke demon (D)
  A gargoyle (D)
  A blink frog (D)
  A hippogriff (D)
  Duvessa (D)
  A swamp drake (D)
  A black bear (D)
  An ogre (D)
  A small abomination (D)
  A gnoll sergeant (D)
  Dowan (D)
  An orc priest (D)
  An iron imp (D)
  Terence (D)
  A worker ant (D)
  2 gnolls (D)
  2 ufetubi (D)
  An ooze (D)
  2 worms (D)
  2 orcs (D)
  2 giant cockroaches (D)
  A hobgoblin (D)
  A quokka (D)
29 creatures vanquished.

Grand Total: 51 creatures vanquished

Notes
Turn   | Place    | Note
-------+----------+-------------------------------------------
     0 | D        | minicreteconcrete the Deep Elf Ice Elementalist began the quest for the Orb.
     0 | D        | Reached XP level 1. HP: 10/10 MP: 6/6
    14 | D        | Reached XP level 2. HP: 6/15 MP: 2/8
    17 | D        | Found a bloodstained altar of Trog.
    17 | D        | Found a deep blue altar of Sif Muna.
    17 | D        | Found a viscous altar of Jiyva.
    17 | D        | Found a hazy altar of Hepliaklqana.
    17 | D        | Found an opulent altar of Gozag.
    28 | D        | Found a glowing golden altar of the Shining One.
    28 | D        | Found a glowing silver altar of Zin.
    28 | D        | Found a basalt altar of Yredelemnul.
    28 | D        | Found a shimmering altar of Xom.
    28 | D        | Found an ornate altar of the Wu Jian Council.
    28 | D        | Found a sacrificial altar of Ru.
    28 | D        | Found a stormy altar of Qazlal.
    28 | D        | Found an iron altar of Okawaru.
    28 | D        | Found a sparkling altar of Nemelex Xobeh.
    28 | D        | Found a burning altar of Makhleb.
    28 | D        | Found a blossoming altar of Fedhas.
    28 | D        | Found a white marble altar of Elyvilon.
    28 | D        | Found a shadowy altar of Dithmenos.
    28 | D        | Found a snail-covered altar of Cheibriados.
    29 | D        | Found a radiant altar of Vehumet.
    29 | D        | Found a corrupted altar of Lugonu.
    29 | D        | Found a roughly hewn altar of Beogh.
    30 | D        | Found an ancient bone altar of Kikubaaqudgha.
    30 | D        | Found a hide-covered altar of Uskayaw.
    30 | D        | Found a shattered altar of Ashenzari.
    31 | D        | Became a worshipper of Sif Muna the Loreminder
   104 | D        | Reached skill level 4 in Spellcasting
   110 | D        | Reached skill level 5 in Ice Magic
   131 | D        | Noticed a floating eye
   138 | D        | Killed a floating eye
   138 | D        | Reached * piety under Sif Muna
   138 | D        | Reached skill level 6 in Spellcasting
   138 | D        | Reached XP level 3. HP: 6/20 MP: 8/13
   138 | D        | Reached XP level 4. HP: 7/24 MP: 8/14
   144 | D        | Learned a level 4 spell: Summon Ice Beast
   149 | D        | Learned a level 4 spell: Throw Icicle
   295 | D        | Reached ** piety under Sif Muna
   299 | D        | Reached skill level 7 in Spellcasting
   363 | D        | Noticed Dowan
   363 | D        | Noticed a gnoll sergeant
   363 | D        | Noticed Duvessa
   365 | D        | Noticed a black bear
   368 | D        | Reached XP level 5. HP: 28/28 MP: 3/16
   376 | D        | Reached skill level 1 in Polearms
   383 | D        | Killed Dowan
   383 | D        | Reached *** piety under Sif Muna
   392 | D        | Reached skill level 1 in Fighting
   392 | D        | Reached skill level 8 in Spellcasting
   392 | D        | Reached skill level 1 in Summonings
   409 | D        | Killed Duvessa
   409 | D        | Reached skill level 9 in Spellcasting
   409 | D        | Reached skill level 1 in Evocations
   417 | D        | Killed a black bear
   417 | D        | Reached **** piety under Sif Muna
   417 | D        | Reached skill level 5 in Dodging
   417 | D        | Reached skill level 1 in Invocations
   417 | D        | Reached XP level 6. HP: 34/34 MP: 8/20
   436 | D        | Noticed Terence
   443 | D        | Killed Terence
   447 | D        | Noticed a swamp dragon
   550 | D        | Killed a swamp dragon
   550 | D        | Reached skill level 10 in Spellcasting
   550 | D        | Reached skill level 5 in Summonings
   550 | D        | Reached skill level 10 in Ice Magic
   550 | D        | Reached XP level 7. HP: 38/38 MP: 17/23
   559 | D        | Reached ***** piety under Sif Muna
   559 | D        | Reached skill level 11 in Spellcasting
   564 | D        | Received a gift from Sif Muna
   564 | D        | Reached skill level 5 in Invocations
   617 | D        | Learned a level 4 spell: Summon Lightning Spire
   709 | D        | Noticed a wraith
   713 | D        | Killed a wraith
   811 | D        | Noticed an ice devil
   811 | D        | Noticed a hippogriff
   824 | D        | Killed a hippogriff
   824 | D        | Reached XP level 8. HP: 17/44 MP: 18/25
   831 | D        | Killed an ice devil
   831 | D        | Reached skill level 12 in Spellcasting
   831 | D        | Reached skill level 1 in Air Magic
   848 | D        | Learned a level 3 spell: Call Canine Familiar
  1022 | D        | Noticed a smoke demon
  1022 | D        | Noticed a black mamba
  1024 | D        | Killed a smoke demon
  1024 | D        | Received a gift from Sif Muna
  1032 | D        | Killed a black mamba
  1032 | D        | Reached skill level 13 in Spellcasting
  1036 | D        | Identified Sif Muna's Guide on Enchanting Changing (Sif Muna gifted it to you in the Dungeon)
  1220 | D        | Noticed a deep elf mage
  1222 | D        | Killed a deep elf mage
  1222 | D        | Reached skill level 5 in Conjurations
  1222 | D        | Reached XP level 9. HP: 48/48 MP: 15/28
  1229 | D        | Noticed a gargoyle
  1237 | D        | Killed a gargoyle
  1237 | D        | Received a gift from Sif Muna
  1477 | D        | Reached skill level 14 in Spellcasting
  1485 | D        | Noticed a sea snake
  1487 | D        | Noticed a two-headed ogre
  1492 | D        | Slain by a sea snake

Vault maps used:
D:        pitsprint

Skill      XL: |  1  2  3  4  5  6  7  8  9 |
---------------+----------------------------+-----
Dodging        | 3 4 5 |  5.1
Ice Magic      | 4 7 8 9 10 11 12 | 12.2
Spellcasting   | 6 7 9 10 11 13 14 | 14.1
Stealth        | 4 |  4.6
Polearms       | 1 2 3 4 |  4.3
Fighting       | 1 2 |  2.4
Summonings     | 2 5 6 7 |  7.6
Evocations     | 1 |  1.2
Invocations    | 1 4 6 8 |  8.5
Conjurations   | 2 5 |  5.8
Air Magic      | 2 3 |  3.1

Action                   |  1- 3 |  4- 6 |  7- 9 || total
-------------------------+-------+-------+-------++-------
Melee: Trident           |     8 |    16 |    36 ||    60
Throw: Stone             |     1 |     2 |     1 ||     4
 Cast: Freeze            |     7 |     4 |     5 ||    16
       Summon Ice Beast  |       |    12 |    10 ||    22
       Throw Icicle      |       |     2 |    23 ||    25
       Summon Lightning  |       |       |     9 ||     9
       Call Canine Famil |       |       |     1 ||     1
Invok: Channel Magic     |       |     1 |     3 ||     4
Evoke: Staff of energy   |       |    11 |       ||    11
  Use: Scroll            |     1 |       |     2 ||     3
       Potion            |       |     1 |     1 ||     2
 Stab: Sleeping          |     1 |     1 |     1 ||     3
  Eat: Bread ration      |       |       |     1 ||     1
       Chunk             |       |       |     1 ||     1
Armor: Robe              |       |     2 |     1 ||     3
Dodge: Dodged            |     7 |     4 |    23 ||    34

Table legend:
 A = Spawn XP
 B = Non-spawn XP
 C = Spawn XP percentage of total XP
 D = Spawn monster count
 E = Non-spawn monster count
 F = Spawn count percentage of total count
 G = Total turns spent on level
                    A         B        C        D         E        F      G
               +---------+---------+-------+---------+---------+-------+---------
         Total |       0 |    3612 |   0.0 |       0 |      51 |   0.0 |  1492
               +---------+---------+-------+---------+---------+-------+---------
             D |       0 |    3612 |   0.0 |       0 |      51 |   0.0 |  1492
               +---------+---------+-------+---------+---------+-------+---------
